 Dungeon Crawl Stone Soup version 0.31.0-11-ge490571c62 (webtiles) character file.

Game seed: 8827249374004919541

112 qw the Shooter (level 4, -3/23 HPs)
             Began as a Spriggan Hunter on Feb 4, 2024.
             Slain by a kobold brigand
             ... wielding a +0 short sword
              (7 damage)
             ... in a sewer.
             The game lasted 00:00:09 (2660 turns).

qw the Shooter (Spriggan Hunter)                    Turns: 2660, Time: 00:00:09

Health: -3/23      AC:  2    Str:  7    XL:     4   Next: 63%
Magic:  5/5        EV: 20    Int: 10    God:
Gold:   161        SH:  0    Dex: 20    Spells: 3/3 levels left

rFire   . . .        a - +0 shortbow (freeze)
rCold   . . .        (shield currently unavailable)
rNeg    . . .        c - +0 robe
rPois   .            (helmet restricted)
rElec   .            (no cloak)
rCorr   .            (gloves unavailable)
SInv    +            (boots unavailable)
Will    +....        (no amulet)
Stlth   ++           (no ring)
HPRegen 0.23/turn    (no ring)
MPRegen 0.09/turn

%: no passive effects
@: enlightened, flying, very quick
A: very small, no large weapons, unfitting armour, see invisible, speed 3
a: no special abilities


You were in a sewer.
You visited 1 branch of the dungeon, and saw 4 of its levels.
You also visited: Sewer.

You collected 161 gold pieces.


Innate Abilities, Weirdness & Mutations

You are very small and have problems with some larger weapons.
You are too small for most types of armour.
You have supernaturally acute eyesight. (SInv)
You cover ground extremely quickly. (Speed+++)


   Skills:
 + Level 1.7 Fighting
 - Level 5.1 Ranged Weapons
 - Level 5.0 Dodging
 - Level 1.5 Stealth


You had 3 spell levels left.
You didn't know any spells.
Your spell library was empty.

Inventory:

Hand Weapons
 a - a +0 shortbow of freezing (weapon)
Armour
 c - a +0 robe (worn)
Potions
 b - a potion of resistance
 e - a potion of enlightenment
 f - a potion of degeneration {unknown}
 g - a potion of mutation {unknown}
 i - a potion of curing {unknown}
 k - a potion of attraction {unknown}

Dungeon Overview and Level Annotations

Branches:
Dungeon (4/15)              Sewer (1/1)
 Temple: D:4-7

Altars:
Elyvilon

Shops:
D:1 *


Message History

The kobold brigand completely misses you.
You shoot an arrow.
The arrow barely misses the kobold brigand.
The kobold completely misses you. The kobold brigand misses you.
You shoot an arrow.
The arrow closely misses the kobold brigand.
The kobold closely misses you.
The kobold brigand hits you with a +0 short sword.
The kobold brigand barely misses you. The kobold misses you.
You shoot an arrow.
The arrow barely misses the kobold brigand.
The kobold misses you.
The kobold brigand completely misses you.
You shoot an arrow.
The arrow barely misses the kobold brigand.
The kobold completely misses you. The kobold brigand barely misses you.
You shoot an arrow. The arrow hits the kobold brigand.
The arrow freezes the kobold brigand.
The kobold brigand is lightly wounded.
The kobold misses you. The kobold brigand closely misses you.
You shoot an arrow. The arrow hits the kobold brigand!
The arrow freezes the kobold brigand.
The kobold brigand is heavily wounded.
The kobold hits you but does no damage.
The kobold brigand hits you with a +0 short sword!
You shoot an arrow. The arrow misses the kobold brigand.
The kobold hits you but does no damage. The kobold brigand misses you.
You shoot an arrow.
The arrow closely misses the kobold brigand.
The kobold hits you but does no damage. The kobold brigand barely misses you.
You shoot an arrow.
The arrow closely misses the kobold brigand.
The kobold misses you.
The kobold brigand hits you with a +0 short sword. x2
The kobold closely misses you.
You shoot an arrow.
The arrow closely misses the kobold brigand.
The kobold misses you.
The kobold brigand hits you with a +0 short sword!
You die...

.~ ~~~
~~~#################
~~~~~~~~~~~~~~~~~~~#
~~~~~~~~~~~~~~~~~~~#
~~~~~~~~~~~~~~~~~~~#
######~~########'###
....~P~~P.#....#...#
....~~P~.@K..\.#.\.#
..........K.!..#.\.#
..........#!...#####
........########
.....##P# ##### ###


You could see a kobold brigand and a kobold.

Vanquished Creatures
  5 adders
  A dart slug (D:2)
  2 ribbon worms
  An orc (D:3)
  3 endoplasms
  2 giant cockroaches
  4 goblins
  4 hobgoblins
  10 kobolds
  5 quokkas (D:4)
  9 ball pythons
  A bat (D:1)
  9 frilled lizards (D:1)
  4 rats
60 creatures vanquished.

Notes
Turn   | Place    | Note
-------+----------+-------------------------------------------
     0 | D:1      | qw the Spriggan Hunter began the quest for the Orb.
     0 | D:1      | Reached XP level 1. HP: 10/10 MP: 2/2
     0 | D:1      | 0 ||| qw: Version: 0.3-a-160-g6735b56
     0 | D:1      | 0 ||| qw: Game counter: 5384
     0 | D:1      | 0 ||| qw: Melee chars always use a shield: true
     0 | D:1      | 0 ||| qw: God list: Okawaru
     0 | D:1      | 0 ||| qw: Allow faded altars: false
     0 | D:1      | 0 ||| qw: Do Orc after clearing Dungeon:15 true
     0 | D:1      | 0 ||| qw: Do second Lair branch before Depths: true
     0 | D:1      | 0 ||| qw: Lair rune preference: random
     0 | D:1      | 0 ||| qw: Goals: Normal
     0 | D:1      | 0 ||| PLANNING D:1-11
    91 | D:1      | Reached skill level 3 in Dodging
   288 | D:1      | Found Imag's General Store.
   291 | D:1      | 291 ||| SHOPLISTING potion of curing (39 gold, have 8).
   291 | D:1      | 291 ||| SHOPLISTING ring of fire (325 gold, have 8).
   291 | D:1      | 291 ||| SHOPLISTING scroll of identify (26 gold, have 8).
   291 | D:1      | 291 ||| SHOPLISTING wand of roots (5) (156 gold, have 8).
   304 | D:1      | Reached XP level 2. HP: 14/14 MP: 3/3
   650 | D:1      | 650 ||| READING scroll labelled ATESIMMY HENNE.
   651 | D:1      | 651 ||| READING scroll labelled UKAZIEHIERECI.
   652 | D:1      | 652 ||| DROPPING scroll of butterflies.
   893 | D:2      | Reached XP level 3. HP: 10/18 MP: 4/4
  1540 | D:2      | 1540 ||| READING scroll labelled LYHUX WOEFIOG.
  1541 | D:2      | 1541 ||| READING scroll labelled OTUNNUESURY.
  1542 | D:2      | 1542 ||| READING scroll labelled IVA ROJILULUNN.
  1796 | D:3      | HP: 4/18 [poisoned by an adder]
  1800 | D:3      | HP: 1/18 [poisoned by an adder]
  1909 | D:3      | Reached XP level 4. HP: 22/22 MP: 5/5
  1961 | D:3      | Found a faded altar of an unknown god.
  2059 | D:3      | Found a white marble altar of Elyvilon.
  2346 | D:3      | 2346 ||| READING scroll of identify.
  2346 | D:3      | 2346 ||| IDENTIFYING fizzy pink potion
  2347 | D:3      | 2347 ||| READING scroll labelled PUIHOA POIKLA.
  2351 | D:3      | 2351 ||| READING scroll labelled HYNWEECVIO.
  2352 | D:3      | 2352 ||| DRINKING 2 emerald potions.
  2353 | D:3      | 2353 ||| DRINKING 3 ruby potions.
  2354 | D:3      | 2354 ||| DROPPING potion of lignification.
  2355 | D:3      | 2355 ||| DROPPING 2 potions of brilliance.
  2379 | D:4      | 2379 ||| PLANNING SEWER
  2619 | D:4      | Found a glowing drain.
  2620 | D:4      | 2620 ||| READING scroll labelled OTTAEHIJIK.
  2620 | D:4      | 2620 ||| BRANDING +0 shortbow.
  2621 | D:4      | 2621 ||| READING scroll labelled DAKIOSTR TIAMO.
  2621 | D:4      | 2621 ||| ENCHANTING +0 shortbow of freezing.
  2622 | D:4      | 2622 ||| DRINKING 2 fuming sapphire potions.
  2626 | Sewer    | Entered a sewer
  2644 | Sewer    | Noticed a kobold brigand
  2659 | Sewer    | HP: 4/23 [kobold brigand/+0 short sword (3)]
  2660 | Sewer    | Slain by a kobold brigand

Levels and vault maps discovered:
D:1:      scummos_arrival_forest, layout_basic, serial_shops,
          nicolae_shop_behind_doors, hangedman_decor_diamond_cutter,
          kennysheep_decorative_pillar, minmay_lizard_pond
D:2:      layout_basic, columned_hall_lemuel
D:3:      layout_basic, marbit_many_paths, shapermc_ecumenical_altar_acropolis,
          minmay_snake_closets
D:4:      layout_cave_pods, gup_sewer_entry_spiral
Sewer:    kennysheep_pipe_town

Skill      XL: |  1  2  3  4 |
---------------+-------------+-----
Dodging        | 3 4 5 |  5.0
Ranged Weapons | 5 |  5.1
Fighting       | |  1.7
Stealth        | |  1.5

Action                     |  1- 3 |  4- 6 || total
---------------------------+-------+-------++-------
   Fire: Shortbow          |   116 |    79 ||   195
    Use: Scroll            |     5 |     5 ||    10
         Potion            |       |     3 ||     3
 Armour: Robe              |    14 |    14 ||    28
  Dodge: Dodged            |    35 |    49 ||    84

Table legend:
 A = Non-vault XP
 B = Vault XP
 C = Vault XP percentage of total XP
 D = Non-vault monster count
 E = Vault monster count
 F = Vault count percentage of total count
                 A         B        C        D         E       F
            +---------+---------+-------+---------+---------+-------
      Total |      76 |      84 |  52.5 |      34 |      26 |  43.3
            +---------+---------+-------+---------+---------+-------
        D:1 |      18 |       9 |  33.3 |      11 |       9 |  45.0
        D:2 |      38 |       0 |   0.0 |      14 |       0 |   0.0
        D:3 |      16 |      47 |  74.6 |       7 |       8 |  53.3
        D:4 |       4 |      24 |  85.7 |       2 |       7 |  77.8
      Sewer |       0 |       4 | 100.0 |       0 |       2 | 100.0
            +---------+---------+-------+---------+---------+-------
